 Dungeon Sprint DCSS version 0.30.1-9-gdf580d7c3d (webtiles) character file.

Game seed: 652598627370535244

63480 Heoruswealwe the Minotaur Porcupine (level 14, -19/168 HPs)
             Began as a Minotaur Fighter on Oct 11, 2023.
             Was an Initiate of Gozag.
             Demolished by an ironbound frostheart (21 damage)
             ... in the Dungeon (Sprint IX: "|||||||||||||||||||||||||||||").
             The game lasted 00:38:01 (4995 turns).

Heoruswealwe the Minotaur Porcupine (MiFi)          Turns: 4995, Time: 00:38:05

Health: -19/168    AC: 39    Str: 29    XL:     14   Next: 68%
Magic:  13/13      EV: 12    Int:  2    God:    Gozag
Gold:   2565       SH:  0    Dex: 10    Spells: 13/13 levels left

rFire   + . .        b - +5 halberd "Vuamurpho" {speed, rElec rPois rC- Int-3}
rCold   . . .        (shield currently unavailable)
rNeg    . . .        c - +1 crystal plate armour
rPois   +            (helmet restricted)
rElec   +            h - +0 cloak
rCorr   +            f - +0 pair of gloves
SInv    .            e - +1 pair of boots
Will    +....        (no amulet) Stlth
                     k - +2 ring of evasion
HPRegen 0.48/turn    j - +3 ring of strength
MPRegen 0.13/turn

%: no teleportation
@: resistant, gold aura
A: horns 2, retaliatory headbutt
a: Renounce Religion, Potion Petition, Call Merchant, Bribe Branch


You were in the Dungeon.
You worshipped Gozag.
Gozag was most pleased with you.
You visited 1 branch You collected 17112 gold pieces.
You spent 8971 gold pieces at shops.
You paid 5576 gold pieces to Gozag.

Inventory:

Hand Weapons
 a - a +1 vampiric trident
 b - the +5 halberd "Vuamurpho" (weapon) {speed, rElec rPois rC- Int-3}
   (You bought it in a shop in the Dungeon)

   Int:       It affects your intelligence (-3).
   rC:        It makes you vulnerable to cold.
   rElec:     It insulates you from electricity.
   rPois:     It protects you from poison.
 v - a +0 glaive
 z - the +11 plutonium sword {Contam Stlth-}
   (You found it in the Dungeon)

   Contam:    It causes magical contamination when unequipped.
   Stlth:     It makes you less stealthy.
Armour
 c - a +1 crystal plate armour (worn)
 d - a +2 buckler of reflection
 e - a +1 pair of boots (worn)
 f - a +0 pair of gloves (worn)
 h - a +0 cloak (worn)
 G - the +5 robe of Night {Dark Will+ SInv}
   (You bought it in a shop in the Dungeon)

   Dark:      It shrouds the wearer in darkness, reducing the range at which
   they can see and be seen by others.
   SInv:      It lets you see invisible.
   Will:      It increases your willpower.
Jewellery
 j - a +3 ring of strength (right hand)
 k - a +2 ring of evasion (left hand)
 w - a ring of protection from cold
 x - a ring of protection from fire
Wands
 l - a wand of acid (10)
 m - a wand of paralysis (9)
 H - a wand of mindburst (6)
Scrolls
 o - 5 scrolls of blinking
 r - a scroll of enchant weapon
 s - 6 scrolls of enchant armour
 t - 4 scrolls of brand weapon
 E - a scroll of identify
Potions
 g - a potion of haste
 n - 3 potions of curing
 q - 3 potions of mutation
Miscellaneous
 i - a piece from Xom's chessboard (15/15)
 u - a lightning rod (4/4)
 y - a phial of floods
 B - a tin of tremorstones (2/2)
 C - a phantom mirror
 D - a box of beasts


   Skills:
 O Level 27 Fighting
 O Level 27 Polearms
 O Level 27 Armour
 + Level 8.8 Dodging
 + Level 10.4 Shields
 + Level 7.3 Evocations


You had 13 spell levels left.
You didn't know any spells.
Your spell library was empty.

Dungeon Overview and Level Annotations

Branches:
Dungeon (1/1)

Altars:
Cheibriados
Dithmenos
Elyvilon
Fedhas
Gozag
Hepliaklqana
Kikubaaqudgha
Makhleb
Nemelex Xobeh
Okawaru
Qazlal
Ru
Sif Muna
Trog
Uskayaw
Vehumet
Wu Jian
Xom
Yredelemnul
Zin
The Shining One
Jiyva
Lugonu

Shops:
D ***=***(*[


Innate Abilities, Weirdness & Mutations

You have a pair of horns on your head.
You reflexively headbutt those who attack you in melee.


Message History

The ironbound frostheart is no longer distracted by gold.
The vault sentinel blows a loud note on a signal horn!
The vault sentinel is distracted by your dazzling golden aura.
The ironbound frostheart touches you. The ironbound frostheart freezes you!!!
You feel a terrible chill!
* * * LOW HITPOINT WARNING * * *
The vault sentinel blows a loud note on a signal horn!
The vault sentinel shouts!
Things that are here:
63 gold pieces; a +0 morningstar; a +0 leather armour You slash the ironbound frostheart!
You headbutt the ironbound frostheart.
The ironbound frostheart is moderately wounded.
You slash the ironbound frostheart! You headbutt the ironbound frostheart.
The ironbound frostheart is heavily wounded.
You closely miss the ironbound frostheart.
Your headbutt misses the ironbound frostheart.
The ironbound frostheart is heavily wounded.
The yaktaur captain is no longer distracted by gold.
The vault sentinel is no longer distracted by gold.
The vault sentinel is distracted by your dazzling golden aura.
The ironbound frostheart barely misses you.
The yaktaur captain is distracted by your dazzling golden aura.
The yaktaur captain shouts!
The vault sentinel shouts!
You slice the ironbound frostheart!!
The ironbound frostheart is almost dead.
You hit the ironbound frostheart but do no damage.
You headbutt the ironbound frostheart!
The ironbound frostheart is almost dead.
The ironbound frostheart touches you!
* * * LOW HITPOINT WARNING * * *
The ironbound frostheart freezes you!!
You feel a terrible chill!
* * * LOW HITPOINT WARNING * * *
You feel protected.
The vault sentinel is no longer distracted by gold.
The vault sentinel is distracted by your dazzling golden aura. x2
The ironbound frostheart touches you!
* * * LOW HITPOINT WARNING * * *
The ironbound frostheart freezes you!!
You die...
Your body crumbles into a pile of gold.

,*,*$*,*,*,*,*,*,▓.▓.▓.▓.▓.▓.▓.▓.
,*,*,*,*,*,*,*,▓p▓.▓?▓.▓.▓.▓∩▓.▓(
,*,*,*,*,*,*,*,▓.▓.▓.▓.▓(▓.▓.▓.▓)
,*,*,*,*,*,*,*,▓.▓.▓.▓.▓.▓.▓∩▓.▓.
,*,*$*,*+*,*,*,▓p▓.▓.▓.▓.▓.▓.▓.▓.
,*,*,*,*,*,*,*,▓p▓.▓.▓.▓.▓.▓∩▓.▓.
,*,*$*,*,*,*,*,▓c▓.▓.▓.▓.▓.▓.▓.▓.
,*,*,*,*,*,*,*,▓p▓.▓.▓.▓)▓.▓∩▓.▓.
,*,*,*,*,*,*,*,▓@▓.▓'▓.▓)▓.▓.▓.▓.
,*,*$*,*,*,*,*,▓$▓.♣.♣.▓(▓.▓.▓.▓.
,*,*$*,*,*,*,*,▓$▓.♣.♣.▓)▓.▓.▓)▓.
,*,*,*,*,*,*,*,▓$▓.♣.♣.▓'▓.▓)▓.▓.
,*,*,*,*,*,*,*,▓$▓.♣.♣.▓.▓.▓)▓.▓'
,*,*,*,*,*,*,*,▓$▓.♣.♣.▓.▓.▓'▓.▓.
,*,*$*,*,*,*,*,▓$▓.♣.♣.▓.▓.▓.▓.▓.
,*,*,*,*,*,*,*,▓$▓.♣)♣.▓?▓.▓.▓)▓.
,*,*,*,*,*,*,*,▓$▓.♣.♣.▓?▓.▓.▓.▓.


You could see a yaktaur captain, an ironbound frostheart and 3 vault sentinels.

Vanquished Creatures
  2 tentacled monstrosities (D)
  A lich (D)
  A sphinx (D)
  Agnes (D)
  A fire giant (D)
  Aizul (D)
  A frost giant (D)
  An iron dragon (D)
  A very ugly thing (D)
  5 ironbound preservers (D)
  2 stone giants (D)
  An eleionoma (D)
  Azrael (D)
  3 fire dragons (D)
  A merfolk impaler (D)
  Harold (D)
  A rakshasa (D)
  A spriggan air mage (D)
  2 ice dragons (D)
  A hydra (D)
  Erica (D)
  4 boulder beetles (D)
  2 centaur warriors (D)
  An alligator snapping turtle (D)
  A satyr (D)
  A deep troll shaman (D)
  3 alligators (D)
  A deep troll earth mage (D)
  2 spriggan berserkers (D)
  A vampire mage (D)
  A shock serpent (D)
  Sonja (D)
  7 orc high priests (D)
  A sun moth (D)
  A pharaoh ant (D)
  A goliath frog (D)
  2 glowing orange brains (D)
  2 ironbound convokers (D)
  A flayed ghost (D)
  A naga ritualist (D)
  A wizard (D)
  A mana viper (D)
  A steelbarb worm (D)
  A deep elf pyromancer (D)
  8 orc knights (D)
  2 will-o-the-wisps (D)
  A cyclops (D)
  A manticore (D)
  2 ugly things (D)
  A moth of wrath (D)
  3 elephants (D)
  3 black mambas (D)
  A vault sentinel (D)
  A demonic crawler (D)
  2 naga magi (D)
  3 cane toads (D)
  A torpor snail (D)
  2 komodo dragons (D)
  A rime drake (D)
  2 yaktaurs (D)
  An efreet (D)
  A troll (D)
  A tarantella (D)
  3 tyrant leeches (D)
  2 merfolk (D)
  A hornet (D)
  A blink frog (D)
  A jumping spider (shapeshifter) (D)
  A jumping spider (D)
  3 slime creatures (D)
  A wyvern (D)
  A spriggan (D)
  A wraith (D)
  Eustachio (D)
  3 water elementals (D)
  3 fire elementals (D)
  3 yaks (D)
  2 vampire mosquitoes (D)
  A naga (D)
  An acid dragon (D)
  3 hell hounds (D)
  3 water moccasins (D)
  9 orc warriors (D)
  A wolf (D)
  A centaur (D)
  3 bullfrogs (D)
  A gnoll sergeant (D)
  2 scorpions (D)
  A wight (D)
  A killer bee (D)
  3 orc priests (D)
  An iguana (D)
  6 orc wizards (D)
  An adder (D)
  An ufetubus (D)
  6 orcs (D)
  2 endoplasms (D)
  A jackal (D)
  A kobold (D)
  A rat (D)
182 creatures vanquished.

Vanquished Creatures (others)
  A naga mage (D)
  A foxfire (D)
2 creatures vanquished.

Grand Total: 184 creatures vanquished

Notes
Turn   | Place    | Note
-------+----------+-------------------------------------------
     0 | D        | Heoruswealwe the Minotaur Fighter began the quest for the
                  | Orb.
     0 | D        | Reached XP level 1. HP: 19/19 MP: 0/0
    33 | D        | Noticed an iguana
    33 | D        | Noticed a scorpion
    33 | D        | Noticed a scorpion
    36 | D        | Reached XP level 2. HP: 28/28 MP: 1/1
    39 | D        | Killed a scorpion
    40 | D        | Reached skill level 5 in Fighting
    40 | D        | Reached skill level 5 in Armour
    40 | D        | Reached XP level 3. HP: 37/37 MP: 2/2
    43 | D        | Reached XP level 4. HP: 44/44 MP: 3/3
    45 | D        | Killed a scorpion
    46 | D        | Reached XP level 5. HP: 52/52 MP: 4/4
    59 | D        | Found a snail-covered altar of Cheibriados.
    59 | D        | Found a shadowy altar of Dithmenos.
    59 | D        | Found a white marble altar of Elyvilon.
    59 | D        | Found a blossoming altar of Fedhas.
    59 | D        | Found an opulent altar of Gozag.
    60 | D        | Found a hazy altar of Hepliaklqana.
    61 | D        | Found a viscous altar of Jiyva.
    62 | D        | Found an ancient bone altar of Kikubaaqudgha.
    63 | D        | Found a corrupted altar of Lugonu.
    64 | D        | Found a burning altar of Makhleb.
    65 | D        | Found a sparkling altar of Nemelex Xobeh.
    66 | D        | Found an iron altar of Okawaru.
    67 | D        | Became a worshipper of Gozag Ym Sagoz the Greedy
    68 | D        | Found a stormy altar of Qazlal.
    69 | D        | Found a sacrificial altar of Ru.
    70 | D        | Found a shimmering blue altar of Sif Muna.
    71 | D        | Found a bloodstained altar of Trog.
    72 | D        | Found a hide-covered altar of Uskayaw.
    73 | D        | Found a radiant altar of Vehumet.
    74 | D        | Found an ornate altar of the Wu Jian Council.
    75 | D        | Found a shimmering altar of Xom.
    76 | D        | Found a basalt altar of Yredelemnul.
    77 | D        | Found a glowing silver altar of Zin.
    78 | D        | Found a glowing golden altar of the Shining One.
   139 | D        | Noticed a centaur
   139 | D        | Noticed an acid dragon
   139 | D        | Noticed a wraith
   143 | D        | Reached skill level 10 in Polearms
   148 | D        | Killed a wraith
   149 | D        | Reached XP level 6. HP: 26/63 MP: 5/5
   170 | D        | Killed an acid dragon
   171 | D        | Reached XP level 7. HP: 52/71 MP: 6/6
   174 | D        | Reached skill level 10 in Fighting
   174 | D        | Reached skill level 10 in Armour
   236 | D        | Noticed a slime creature
   236 | D        | Noticed a deep elf pyromancer
   236 | D        | Noticed a boulder beetle
   236 | D        | Noticed a troll
   236 | D        | Noticed a centaur warrior
   236 | D        | Noticed a purple ugly thing
   239 | D        | Killed a purple ugly thing
   240 | D        | Reached XP level 8. HP: 65/82 MP: 7/7
   244 | D        | Killed a centaur warrior
   249 | D        | Killed a troll
   262 | D        | Killed a deep elf pyromancer
   263 | D        | Reached XP level 9. HP: 50/92 MP: 8/8
   272 | D        | Killed a boulder beetle
   576 | D        | Noticed a rime drake
   576 | D        | Noticed a komodo dragon
   576 | D        | Noticed an elephant
   584 | D        | Killed an elephant
   595 | D        | Killed a komodo dragon
   603 | D        | Killed a rime drake
   604 | D        | Reached XP level 10. HP: 68/104 MP: 9/9
   749 | D        | Noticed a black mamba
   749 | D        | Noticed an elephant
   752 | D        | Noticed an elephant
   761 | D        | Reached skill level 15 in Fighting
   761 | D        | Reached skill level 15 in Armour
   774 | D        | Killed an elephant
   781 | D        | Killed a black mamba
   787 | D        | Killed an elephant
   821 | D        | Noticed a cane toad
   821 | D        | Noticed a cane toad
   821 | D        | Noticed a cane toad
   828 | D        | Killed a cane toad
   835 | D        | Killed a cane toad
   845 | D        | Killed a cane toad
   846 | D        | Reached XP level 11. HP: 86/114 MP: 10/10
   961 | D        | Noticed Sonja
   966 | D        | Killed Sonja
  1051 | D        | Noticed Erica
  1067 | D        | Killed Erica
  1137 | D        | Noticed Eustachio
  1144 | D        | Killed Eustachio
  1281 | D        | Noticed an orc knight
  1305 | D        | Killed an orc knight
  1528 | D        | Found Gysiq's Antique Armour Boutique.
  1528 | D        | Noticed an orc high priest
  1528 | D        | Noticed an orc knight
  1528 | D        | Noticed an orc high priest
  1528 | D        | Noticed an orc knight
  1528 | D        | Noticed an orc high priest
  1529 | D        | Noticed an orc high priest
  1535 | D        | Killed an orc high priest
  1537 | D        | Noticed an orc high priest
  1541 | D        | Killed an orc knight
  1542 | D        | Found Xaessafre's Assorted Antiques.
  1542 | D        | Noticed an orc knight
  1545 | D        | Killed an orc high priest
  1546 | D        | Noticed an orc knight
  1557 | D        | Killed an orc knight
  1558 | D        | Found Gennuuh's Antique Weapon Boutique.
  1558 | D        | Noticed an orc high priest
  1568 | D        | Killed an orc high priest
  1573 | D        | Killed an orc high priest
  1576 | D        | Killed an orc high priest
  1577 | D        | Found Hiceoros's General Store.
  1581 | D        | Noticed an orc knight
  1585 | D        | Killed an orc knight
  1586 | D        | Noticed an orc knight
  1598 | D        | Killed an orc knight
  1599 | D        | Noticed an orc high priest
  1604 | D        | Killed an orc high priest
  1605 | D        | Reached XP level 12. HP: 35/128 MP: 11/11
  1633 | D        | Killed an orc high priest
  2014 | D        | Bought a peridot ring for 115 gold pieces
  2014 | D        | Bought a shiny lead wand for 92 gold pieces
  2014 | D        | Bought a potion of curing for 69 gold pieces
  2014 | D        | Bought a scroll labelled SOAMUY NAWNY for 23 gold pieces
  2014 | D        | Bought a potion of curing for 69 gold pieces
  2014 | D        | Bought a potion of curing for 69 gold pieces
  2018 | D        | Bought a potion of might for 40 gold pieces
  2018 | D        | Bought a potion of brilliance for 40 gold pieces
  2018 | D        | Bought a scroll of identify for 20 gold pieces
  2018 | D        | Bought a potion of curing for 30 gold pieces
  2024 | D        | Bought a glowing crystal plate armour for 2490 gold pieces
  2024 | D        | Bought an embroidered scarf for 240 gold pieces
  2065 | D        | Bought a scroll of blinking for 75 gold pieces
  2065 | D        | Bought a piece from Xom's chessboard (15/15) for 200 gold
                  | pieces
  2065 | D        | Bought a scroll of brand weapon for 95 gold pieces
  2065 | D        | Bought a lightning rod (4/4) for 300 gold pieces
  2065 | D        | Bought a scroll of vulnerability for 40 gold pieces
  2068 | D        | Bought a +2 buckler of reflection for 277 gold pieces
  2068 | D        | Bought a phial of floods for 600 gold pieces
  2068 | D        | Bought the +5 halberd "Vuamurpho" {speed, rElec rPois rC-
                  | Int-3} for 628 gold pieces
  2068 | D        | Bought a potion of lignification for 45 gold pieces
  2190 | D        | Found the +11 plutonium sword {Contam Stlth-}
  2255 | D        | Noticed a centaur warrior
  2255 | D        | Noticed a boulder beetle
  2255 | D        | Noticed a six-headed hydra
  2261 | D        | Killed a ten-headed hydra
  2269 | D        | Killed a centaur warrior
  2276 | D        | Noticed a sphinx
  2277 | D        | Killed a boulder beetle
  2282 | D        | Noticed a fire dragon
  2286 | D        | Noticed a stone giant
  2287 | D        | Noticed a deep troll earth mage
  2289 | D        | Noticed a rakshasa
  2292 | D        | Noticed a fire dragon
  2295 | D        | Paralysed by a sphinx for 5 turns
  2308 | D        | Killed a sphinx
  2318 | D        | Killed a fire dragon
  2321 | D        | Killed a stone giant
  2327 | D        | Killed a deep troll earth mage
  2328 | D        | Reached skill level 27 in Polearms
  2332 | D        | Killed a rakshasa
  2336 | D        | Killed a fire dragon
  2571 | D        | Bought a scroll of immolation for 52 gold pieces
  2571 | D        | Bought a scroll of brand weapon for 123 gold pieces
  2571 | D        | Bought a tin of tremorstones (2/2) for 520 gold pieces
  2594 | D        | Noticed Aizul
  2611 | D        | Killed Aizul
  2865 | D        | Noticed Agnes
  2879 | D        | Killed Agnes
  2880 | D        | Reached XP level 13. HP: 79/143 MP: 12/12
  3047 | D        | Noticed Azrael
  3065 | D        | Killed Azrael
  3440 | D        | Noticed a merfolk impaler
  3445 | D        | Killed a merfolk impaler
  3580 | D        | Noticed an eleionoma
  3597 | D        | Killed an eleionoma
  4095 | D        | Bought a phantom mirror for 720 gold pieces
  4095 | D        | Bought a box of beasts for 720 gold pieces
  4098 | D        | Bought a scroll of brand weapon for 133 gold pieces
  4098 | D        | Bought a scroll of identify for 28 gold pieces
  4098 | D        | Bought a scroll of magic mapping for 105 gold pieces
  4098 | D        | Bought the +5 robe of Night {Dark Will+ SInv} for 840 gold
                  | pieces
  4098 | D        | Found the +5 robe of Night {Dark Will+ SInv}
  4098 | D        | Bought a wand of mindburst (6) for 117 gold pieces
  4098 | D        | Bought a scroll of poison for 56 gold pieces
  4126 | D        | Noticed Harold
  4132 | D        | Killed Harold
  4227 | D        | Noticed a stone giant
  4227 | D        | Noticed a lich
  4227 | D        | Noticed a purple very ugly thing
  4232 | D        | Noticed a tentacled monstrosity
  4234 | D        | Killed a purple very ugly thing
  4239 | D        | Killed a lich
  4248 | D        | Reached XP level 14. HP: 109/163 MP: 7/13
  4248 | D        | Noticed a tentacled monstrosity
  4264 | D        | Killed a tentacled monstrosity
  4274 | D        | Killed a tentacled monstrosity
  4275 | D        | Reached skill level 1 in Evocations
  4275 | D        | Noticed a fire giant
  4281 | D        | Killed a stone giant
  4282 | D        | Reached skill level 5 in Shields
  4289 | D        | Noticed an iron dragon
  4306 | D        | Killed a fire giant
  4307 | D        | Noticed a frost giant
  4317 | D        | Killed an iron dragon
  4332 | D        | Reached skill level 5 in Dodging
  4682 | D        | Killed a frost giant
  4683 | D        | Reached skill level 5 in Evocations
  4913 | D        | Noticed an ironbound preserver
  4936 | D        | Noticed an ironbound preserver
  4937 | D        | Noticed an ironbound preserver
  4953 | D        | Killed an ironbound preserver
  4954 | D        | Noticed an ironbound preserver
  4960 | D        | Noticed an ironbound preserver
  4964 | D        | Killed an ironbound preserver
  4965 | D        | Reached skill level 27 in Fighting
  4965 | D        | Reached skill level 27 in Armour
  4973 | D        | Killed an ironbound preserver
  4987 | D        | Killed an ironbound preserver
  4987 | D        | Killed an ironbound preserver
  4988 | D        | Reached skill level 10 in Shields
  4995 | D        | HP: 2/168 [ironbound frostheart (12)]
  4995 | D        | Demolished by an ironbound frostheart

Illustrated notes

Levels and vault maps discovered:
D:        linesprint [early_d, line_temple, items_1, d_10, items_2, lair_1,
          lair_end, items_3, orc_1, orc_end, items_4, d_15, swamp_1, shoals_1,
          snake_1, spider_1, d_20, vaults_1, items_5, swamp_end, shoals_end,
          snake_end, spider_end, vaults_end, d_27, items_6, zot_1, zot_end,
          crypt_end, forest_end, elf_end, slime_end, tomb_end, abyss_end,
          pan_hell_end]

Skill      XL: |  1  2  3  4  5  6  7  8  9 10 11 12 13 14 |
---------------+-------------------------------------------+-----
Polearms       | 4 7 8 11 13 14 17 19 21 25 27 | 27.0
Fighting       | 4 5 6 7 9 11 12 14 16 18 21 25 27 | 27.0
Armour         | 4 5 6 9 11 12 14 16 18 21 25 27 | 27.0
Dodging        | 8 |  8.8
Shields        | 10 | 10.4
Evocations     | 7 |  7.3

Action                     |  1- 3 |  4- 6 |  7- 9 | 10-12 | 13-15 || total
---------------------------+-------+-------+-------+-------+-------++-------
  Melee: Trident           |    19 |    10 |       |       |       ||    29
         Headbutt          |     1 |     4 |    14 |    66 |   109 ||   194
         Halberd           |       |    24 |    60 |   346 |   381 ||   811
 Invoke: Call Merchant     |       |       |       |     4 |     2 ||     6
    Use: Potion            |       |     2 |     1 |    14 |     7 ||    24
         Scroll            |       |       |       |     1 |     2 ||     3
   Stab: Distracted        |       |       |     2 |     2 |     4 ||     8
 Armour: Scale mail        |    11 |     1 |       |       |       ||    12
         Plate armour      |       |    20 |    29 |    81 |       ||   130
         Crystal plate arm |       |       |       |    51 |   137 ||   188
  Dodge: Dodged            |     8 |    13 |    13 |    83 |    62 ||   179
  Block: Buckler           |     1 |       |       |       |       ||     1
